 Dungeon Crawl Stone Soup version 0.28-a0-1374-ga75cb3825e (webtiles) character file.

Game seed: 2339958159055187102

33518 Crownlay the Geomancer (level 13, -2/74 HPs)
             Began as a Gargoyle Earth Elementalist on Dec 31, 2021.
             Was a High Priest of Vehumet.
             Killed from afar by a rime drake (17 damage)
             ... with a flash freeze
             ... on level 3 of the Lair of Beasts.
             The game lasted 00:42:08 (17061 turns).

Crownlay the Geomancer (GrEE)                      Turns: 17061, Time: 00:42:09

Health: -2/74      AC: 17    Str: 17    XL:     13   Next: 71%
Magic:  13/29      EV: 15    Int: 19    God:    Vehumet [*****.]
Gold:   1203       SH:  0    Dex: 10    Spells: 31/37 levels left

rFire   . . .      SeeInvis .   d - +2 short sword (venom)
rCold   . . .      Faith    .   i - orb {light}
rNeg    + + +      Spirit   .   r - +2 robe {Will+}
rPois   ∞          Reflect  .   F - +0 helmet
rElec   +          Harm     .   y - +0 cloak of Yredelemnul's Grace {-Tele rN+ Will+ Str+3 Slay+2}
rCorr   .          Rampage  .   b - +0 pair of gloves
Will    ++...      NoTele   +   D - +0 pair of boots {Fly}
Stlth   +.........              o - amulet of magic regeneration
HPRegen 0.22/turn               h - +4 ring of evasion
MPRegen 0.61/turn               G - ring of positive energy

@: flying, glowing
A: sickness immunity, AC +9, negative energy resistance 1, electricity
resistance, torment resistance 1, petrification resistance
a: Renounce Religion


You were on level 3 of the Lair of Beasts.
You worshipped Vehumet.
Vehumet was extremely pleased with you.
You visited 3 branches of the dungeon, and saw 17 of its levels.
You also visited: Bailey.

You collected 1280 gold pieces.
You spent 77 gold pieces at shops.

Inventory:

Hand Weapons
 d - a +2 short sword of venom (weapon)
 I - the +5 arbalest "Cufon" {elec, Int+4}
   (You took it off an orc warrior on level 9 of the Dungeon)

   Any ammunition fired from it occasionally discharges a powerful burst of
   electricity upon striking a foe.
   Int:       It affects your intelligence (+4).
Missiles
 c - 75 stones
 e - 13 boomerangs
Armour
 b - a +0 pair of gloves (worn)
 i - an orb of light (worn)
 r - a +2 robe of willpower (worn)
 y - the +0 cloak of Yredelemnul's Grace (worn) {-Tele rN+ Will+ Str+3 Slay+2}
   (You found it on level 6 of the Dungeon)

   Str:       It affects your strength (+3).
   Slay:      It affects your accuracy & damage with ranged weapons and melee
   (+2).
   rN:        It protects you from negative energy.
   -Tele:     It prevents most forms of teleportation.
   Will:      It increases your willpower.
 D - a +0 pair of boots of flying (worn)
 F - a +0 helmet (worn)
Jewellery
 h - a +4 ring of evasion (left hand)
 o - an amulet of magic regeneration (around neck)
 G - a ring of positive energy (right hand)
 N - a ring of magical power
 O - a ring of flight
Wands
 a - a wand of charming (6)
 v - a wand of digging (8)
 J - a wand of acid (6)
 K - a wand of flame (8)
 Q - a wand of mindburst (4)
Scrolls
 g - 4 scrolls of fear {unknown}
 j - 2 scrolls of enchant armour {unknown}
 k - a scroll of acquirement {unknown}
 l - a scroll of silence {unknown}
 t - 3 scrolls of blinking
 w - a scroll of torment {unknown}
 x - 3 scrolls of teleportation {unknown}
 A - a scroll of noise {unknown}
 E - 8 scrolls of amnesia
 L - a scroll of magic mapping {unknown}
 R - a scroll of identify
Potions
 f - 7 potions of mutation
 m - 2 potions of berserk rage {unknown}
 n - a potion of invisibility {unknown}
 p - 3 potions of might
 q - 8 potions of curing
 s - a potion of brilliance
 u - a potion of lignification
 z - a potion of ambrosia {unknown}
 B - 6 potions of flight
 M - a potion of resistance {unknown}
 P - a potion of cancellation {unknown}
Miscellaneous
 C - a box of beasts


   Skills:
 + Level 5.8 Fighting
 - Level 1.5 Dodging
 - Level 2.1 Stealth
 * Level 12.5 Spellcasting
 - Level 10.0 Conjurations
 - Level 8.0 Summonings
 - Level 0.7 Transmutations
 + Level 14.3 Earth Magic
 + Level 5.5 Evocations


You had 31 spell levels left.
You knew the following spells:

 Your Spells              Type           Power      Damage    Failure   Level
a - Sandblast             Erth           100%       2d20      0%          1
b - Stone Arrow           Conj/Erth      100%       3d13      1%          3
c - Passwall              Tmut/Erth      33%        N/A       1%          2

Your spell library contained the following spells:

 Spells                   Type           Power      Damage    Failure   Level
 Iskenderun's Battlesphe  Conj           49%        2d10      1%          5
 Foxfire                  Conj/Fire      100%       2x1d9     1%          1
 Freeze                   Ice            44%        1d6       1%          1
 Shock                    Conj/Air       100%       1d9       1%          1
 Conjure Flame            Conj/Fire      30%        6-21      1%          3
 Mephitic Cloud           Conj/Pois/Air  24%        N/A       1%          3
 Animate Armour           Summ/Erth      100%       N/A       1%          4
 Poisonous Vapours        Pois/Air       22%        N/A       2%          2
 Flame Wave               Conj/Fire      30%        2d7       2%          4
 Hailstorm                Conj/Ice       30%        3d8       2%          4
 Petrify                  Tmut/Erth      40%        N/A       2%          4
 Sting                    Tmut/Pois      52%        1d5       4%          1
 Frozen Ramparts          Ice            22%        1d4       4%          3
 Ignite Poison            Fire/Tmut/Pois 12%        N/A       4%          3
 Inner Flame              Hex/Fire       11%        N/A       4%          3
 Pain                     Necr           44%        1d6       6%          1
 Wereblood                Tmut           14%        N/A       6%          2
 Ensorcelled Hibernation  Hex/Ice        22%        N/A       9%          2
 Borgnjor's Vile Clutch   Necr/Erth      19%        N/A       9%          5
 Freezing Cloud           Conj/Ice/Air   12%        6-21      11%         5
 Spider Form              Tmut/Pois      13%        N/A       16%         3
 Airstrike                Air            5%         N/A       16%         4
 Olgreb's Toxic Radiance  Pois           11%        N/A       16%         4
 Gell's Gravitas          Tloc           11%        N/A       17%         3
 Lesser Beckoning         Tloc           11%        N/A       17%         3
 Portal Projectile        Hex/Tloc       22%        N/A       17%         3
 Swiftness                Air            11%        N/A       17%         3
 Teleport Other           Tloc           11%        N/A       17%         3
 Summon Forest            Summ/Tloc      13%        N/A       30%         5
 Summon Mana Viper        Hex/Summ       27%        N/A       30%         5
 Summon Cactus Giant      Summ           21%        N/A       32%         6
 Lehudib's Crystal Spear  Conj/Erth      27%        10d7      52%         8
 Blade Hands              Tmut           7%         N/A       75%         5
 Agony                    Necr           11%        N/A       85%         5
 Excruciating Wounds      Necr           5%         N/A       85%         5
 Summon Hydra             Summ           21%        N/A       88%         7
 Dispersal                Tloc           5%         N/A       100%        6
 Sublimation of Blood     Necr           Unusable   N/A       N/A         2
 Statue Form              Tmut/Erth      Unusable   N/A       N/A         6

Dungeon Overview and Level Annotations

Branches:
Dungeon (13/15)            Temple (1/1) D:7            Lair (3/6) D:9
  Swamp (0/4) Lair:3          Orc (0/2) D:10         Bailey (visited)
 Shoals: Lair:2-4     Snake: Lair:2-4    Spider: Lair:2-4    Vaults: D:13-14

Altars:
Ashenzari
Cheibriados
Dithmenos
Elyvilon
Fedhas
Gozag
Hepliaklqana
Kikubaaqudgha
Nemelex Xobeh
Okawaru
Qazlal
Ru
Uskayaw
Vehumet
Wu Jian
Yredelemnul
Zin
The Shining One

Shops:
D:1 (   D:2 :   D:4 !

Portals:
Trove: D:13 (give +3 gold dragon scales)

Annotations:
D:6 3 runed translucent doors, Gildeon's ghost, novice MiFi
D:8 3 runed translucent doors, anonymous's ghost, novice NaFi


Innate Abilities, Weirdness & Mutations

You are immune to sickness and miasma.
Your stone body is resilient. (AC +9)
You are immune to poison.
You resist negative energy. (rN+)
You are resistant to electric shocks. (rElec)
You are resistant to unholy torment.
You are immune to petrification.


Message History

The rime drake is heavily wounded.
c - 77 stones The rime drake barely misses you.
Casting: Sandblast (safe; 0% risk of failure)
Confirm with . or Enter, or press ? or * to list all spells.
Aiming: Sandblast (safe; 0% risk of failure)
Press: ? - help, Shift-Dir - straight line, f/p - steam dragon
Aim: a steam dragon (haloed, 87% to hit)
The blast of sand hits the rime drake!!
You kill the rime drake!
Vehumet accepts your kill.
You feel your power returning.
c - 76 stones The rime drake bites you but does no damage.
The steam dragon breathes steam at you.
The ball of steam hits the steam dragon!
The steam dragon resists.
The ball of steam hits you!
* * * LOW HITPOINT WARNING * * *
Casting: Sandblast (safe; 0% risk of failure)
Confirm with . or Enter, or press ? or * to list all spells.
Aiming: Sandblast (safe; 0% risk of failure)
Press: ? - help, Shift-Dir - straight line, f/p - steam dragon
Aim: a steam dragon (catching its breath, haloed, 87% to hit)
The blast of sand hits the steam dragon!
The steam dragon is almost dead.
c - 75 stones You are engulfed in a cloud of scalding steam.
* * * LOW HITPOINT WARNING * * *
The rime drake closely misses you. The steam dragon breathes steam at you.
The ball of steam hits you.
* * * LOW HITPOINT WARNING * * *
You hear an angry hiss.
You feel much better.
You are engulfed in a cloud of scalding steam.
* * * LOW HITPOINT WARNING * * *
The ice encasing you melts away. The rime drake breathes ice at you.
The flash freeze hits you!
You die...

.< #.. ... ...
####.#........#
....#....##.......#..
.....#....##.......#..
#.....P...##..........
.##....§.§§..........#.. #
........§§§§k#.........# ##.
.#..... #§§@##..........
............##§§#DDD........8
............##..##D...[......
.............†......##††..[..
....................# #..§...
....................# ###.#?
....................# .#
.P..................# #
P.##........##.....##


You could see a rime drake (catching breath) and 4 steam dragons.

Vanquished Creatures
  Harold (D:7)
  A boulder beetle (D:12)
  2 two-headed ogres (D:10)
  An ugly thing (D:11)
  A deep elf pyromancer (D:12)
  A cyclops (D:11)
  2 manticores
  4 elephants
  3 black mambas
  3 centaur zombies
  8 cane toads
  A gargoyle (D:12)
  8 rime drakes
  2 unseen horrors
  2 komodo dragons
  2 trolls
  8 polar bears (Lair:2)
  A hornet (D:10)
  12 blink frogs
  Sigmund (D:4)
  3 wraiths
  3 vampires
  A wyvern (D:9)
  2 basilisks
  40 yaks
  12 vampire mosquitoes
  6 steam dragons
  Menkaure (D:4)
  An acid dragon (D:11)
  2 swamp worms (Lair:3)
  5 water moccasins
  8 orc warriors
  A sky beast (D:5)
  11 black bears
  3 ogres
  5 wolves (Lair:1)
  5 centaurs
  A phantom (D:4)
  A kobold brigand (D:8)
  11 bullfrogs
  5 scorpions
  3 electric eels
  13 wights
  A howler monkey (D:10)
  6 orc priests
  2 hounds
  4 jellies
  A gnoll shaman (D:6)
  A bullfrog skeleton (D:6)
  20 orc wizards
  Natasha (thrice) (D:3)
  An iguana (D:4)
  5 hell rats (Lair:1)
  A killer bee zombie (D:7)
  A hound skeleton (D:5)
  A mummy (D:4)
  2 howler monkey zombies
  A howler monkey skeleton (D:4)
  9 gnolls
  7 adders
  An adder zombie (D:3)
  2 worms
  2 dart slugs
  33 orcs
  6 bats
  4 endoplasms
  4 giant cockroaches
  5 hobgoblins
  3 jackals (D:4)
  24 kobolds
  5 quokkas
  4 ball pythons
  A ball python zombie (D:3)
  3 frilled lizards
  A giant cockroach zombie (D:3)
  7 goblins
  A hobgoblin zombie (D:4)
  3 kobold zombies (D:4)
  3 rats
385 creatures vanquished.

Vanquished Creatures (others)
  A giant cockroach (Lair:3)
  10 fungi
  26 plants
37 creatures vanquished.

Grand Total: 422 creatures vanquished

Notes
Turn   | Place    | Note
-------+----------+-------------------------------------------
     0 | D:1      | Crownlay the Gargoyle Earth Elementalist began the quest
                  | for the Orb.
     0 | D:1      | Reached XP level 1. HP: 10/10 MP: 3/3
   154 | D:1      | Found a faded altar of an unknown god.
   416 | D:1      | Reached XP level 2. HP: 11/15 MP: 5/5
   790 | D:1      | Reached skill level 4 in Earth Magic
  1248 | D:1      | Found Hain's Weapon Shoppe.
  1580 | D:2      | Reached XP level 3. HP: 18/19 MP: 3/7
  1980 | D:2      | Learned a level 3 spell: Stone Arrow
  2268 | D:2      | Found Annogy's Book Emporium.
  2276 | D:2      | Reached XP level 4. HP: 17/24 MP: 9/9
  2389 | D:2      | Noticed a black bear
  2395 | D:2      | Killed a black bear
  2396 | D:2      | Reached skill level 5 in Earth Magic
  2396 | D:2      | Reached XP level 5. HP: 28/28 MP: 5/11
  2678 | D:3      | Noticed a black bear
  2681 | D:3      | Killed a black bear
  2682 | D:3      | Reached XP level 6. HP: 32/32 MP: 7/13
  2747 | D:3      | Reached skill level 5 in Spellcasting
  2796 | D:3      | Noticed Natasha
  2799 | D:3      | Killed Natasha
  2843 | D:3      | Found a basalt altar of Yredelemnul.
  3366 | D:3      | Noticed Natasha
  3371 | D:3      | Killed Natasha
  3676 | D:3      | Noticed Natasha
  3677 | D:3      | Killed Natasha
  3725 | D:4      | Noticed Menkaure
  3729 | D:4      | Killed Menkaure
  3730 | D:4      | Reached skill level 6 in Earth Magic
  3730 | D:4      | Reached XP level 7. HP: 36/36 MP: 10/15
  4269 | D:4      | Got the Almanac of Displaced Stones
  4273 | D:4      | Learned a level 2 spell: Passwall
  4365 | D:4      | Noticed Sigmund
  4369 | D:4      | Killed Sigmund
  4370 | D:4      | Reached skill level 7 in Earth Magic
  4370 | D:4      | Reached XP level 8. HP: 37/41 MP: 10/18
  4460 | D:4      | Found a white marble altar of Elyvilon.
  4780 | D:4      | Found a broken altar of Ashenzari.
  4782 | D:4      | Found a blossoming altar of Fedhas.
  4784 | D:4      | Found a hazy altar of Hepliaklqana.
  4785 | D:4      | Found a sparkling altar of Nemelex Xobeh.
  4790 | D:4      | Found an ancient bone altar of Kikubaaqudgha.
  4790 | D:4      | Found an ornate altar of the Wu Jian Council.
  4790 | D:4      | Found an opulent altar of Gozag.
  4794 | D:4      | Found a stormy altar of Qazlal.
  4796 | D:4      | Found a sacrificial altar of Ru.
  4913 | D:4      | Reached skill level 8 in Earth Magic
  5227 | D:4      | Found Xoukoa's Distillery.
  5285 | D:5      | Entered Level 5 of the Dungeon
  5322 | D:4      | Bought a potion of brilliance for 44 gold pieces
  5322 | D:4      | Bought a potion of lignification for 33 gold pieces
  5415 | D:5      | Reached XP level 9. HP: 45/45 MP: 19/21
  5705 | D:5      | Reached skill level 9 in Earth Magic
  6219 | D:6      | Identified the +0 cloak of Yredelemnul's Grace {-Tele rN+
                  | Will+ Str+3 Slay+2}
  6339 | D:6      | Reached skill level 1 in Conjurations
  6417 | D:6      | Reached skill level 1 in Summonings
  6620 | D:6      | Found a runed translucent gate.
  6620 | D:6      | Found a runed translucent gate.
  6620 | D:6      | Found a runed translucent gate.
  6687 | D:6      | Noticed Gildeon's ghost (novice MiFi)
  6724 | D:7      | Found an iron altar of Okawaru.
  6865 | D:7      | Noticed Harold
  6875 | D:7      | Killed Harold
  6876 | D:7      | Reached skill level 10 in Spellcasting
  6876 | D:7      | Reached XP level 10. HP: 40/50 MP: 5/24
  6956 | D:7      | You fall into a shaft and drop 2 floors!
  7012 | D:8      | Reached skill level 10 in Earth Magic
  7103 | D:8      | Found a flagged portal.
  7113 | Bailey   | Entered a bailey
  8069 | D:8      | Found a runed translucent gate.
  8069 | D:8      | Found a runed translucent gate.
  8069 | D:8      | Noticed anonymous's ghost (novice NaFi)
  8098 | D:8      | Found a runed translucent gate.
  8100 | D:8      | Noticed a manticore
  8106 | D:8      | Killed a manticore
  8596 | D:7      | Found a staircase to the Ecumenical Temple.
  8606 | Temple   | Entered the Ecumenical Temple
  8638 | Temple   | Became a worshipper of Vehumet
  8997 | D:9      | Found Jadawafy's Distillery.
  9096 | D:9      | Noticed an elephant
  9116 | D:9      | Killed an elephant
  9145 | D:9      | Found a staircase to the Lair.
  9167 | D:9      | Identified the +5 arbalest "Cufon" {elec, Int+4}
  9281 | D:9      | Reached * piety under Vehumet
  9281 | D:9      | Offered knowledge of Magic Dart by Vehumet.
  9316 | D:9      | Reached skill level 5 in Conjurations
  9358 | D:9      | Reached XP level 11. HP: 48/54 MP: 24/26
  9671 | D:10     | Entered Level 10 of the Dungeon
  9700 | D:10     | Found a staircase to the Orcish Mines.
  9769 | D:10     | Reached skill level 11 in Earth Magic
  9783 | D:10     | Identified the +4 falchion "Guluf" {drain, rF- rC+ Str+2}
  9806 | D:10     | Noticed a two-headed ogre
  9828 | D:10     | Noticed a two-headed ogre
  9860 | D:10     | HP: 1/54 [two-headed ogre (21)]
  9861 | D:10     | Killed a two-headed ogre
 10660 | D:10     | Killed a two-headed ogre
 11028 | D:11     | Noticed a cyclops
 11034 | D:11     | Killed a cyclops
 11035 | D:11     | Reached skill level 5 in Summonings
 11517 | D:11     | Found a blossoming altar of Fedhas.
 11556 | D:11     | Reached skill level 1 in Fighting
 11788 | D:11     | Noticed a cyan ugly thing
 11793 | D:11     | Killed a cyan ugly thing
 11919 | D:11     | Reached ** piety under Vehumet
 11919 | D:11     | Offered knowledge of Scorch by Vehumet.
 12282 | D:12     | Noticed a deep elf pyromancer
 12286 | D:12     | Killed a deep elf pyromancer
 12534 | D:12     | Reached XP level 12. HP: 64/64 MP: 26/28
 12706 | D:12     | Noticed a boulder beetle
 12711 | D:12     | Reached skill level 12 in Earth Magic
 12719 | D:12     | Killed a boulder beetle
 12989 | D:13     | Found a portal to a secret trove of treasure.
 13219 | Lair:1   | Entered Level 1 of the Lair of Beasts
 13344 | Lair:1   | Offered knowledge of Dazzling Flash by Vehumet.
 13555 | Lair:1   | Reached *** piety under Vehumet
 13969 | Lair:1   | Reached skill level 1 in Evocations
 13969 | Lair:1   | Offered knowledge of Frozen Ramparts by Vehumet.
 14207 | Lair:1   | Reached skill level 5 in Fighting
 14547 | Lair:1   | Reached skill level 10 in Conjurations
 14626 | Lair:1   | Reached XP level 13. HP: 72/72 MP: 22/29
 14834 | Lair:1   | Reached **** piety under Vehumet
 15160 | Lair:2   | Reached skill level 13 in Earth Magic
 15171 | Lair:2   | Offered knowledge of Fulminant Prism by Vehumet.
 15919 | Lair:2   | Reached skill level 14 in Earth Magic
 16610 | Lair:3   | Reached skill level 5 in Evocations
 16612 | Lair:3   | Reached ***** piety under Vehumet
 16612 | Lair:3   | Offered knowledge of Iskenderun's Battlesphere by Vehumet.
 16685 | Lair:3   | Found a staircase to the Swamp.
 17061 | Lair:3   | Killed from afar by a rime drake

Illustrated notes

Levels and vault maps discovered:
D:1:      ebering_hopf_link, layout_basic, serial_shops, nicolae_square_shop,
          chequers_ecumenical_altar_island, chequers_serial_rivers_small_b,
          minivault_23
D:2:      layout_loops_ring, serial_shops, shop, nrook_loot_triangle
D:3:      layout_basic, nicolae_yredelemnul_corpse_copse, corexii_corridor_pit,
          uniq_natasha
D:4:      minmay_recursive_quarters, layout_cave_pools,
          mainiacjoe_overflow_cross_hatched, minitemple, serial_bayou_ford_a,
          nicolae_take_the_stairs, amcnicky_mini_corridor_feature,
          minmay_mini_ossuary, uniq_sigmund, uniq_menkaure
D:5:      layout_loops_ring
D:6:      minmay_flawed_box, layout_cave_pools, gammafunk_ghost_necromancy,
          minmay_tree_intersection, small_statue_intersection
D:7:      layout_rooms, mainiacjoe_overflow_brackets,
          minmay_temple_entry_statues_pillars, uniq_harold
D:8:      layout_basic, enter_bailey_2, serial_rivers,
          chequers_serial_rivers_micro_c, chequers_serial_rivers_marsh,
          chequers_serial_rivers_micro_a, chequers_serial_rivers_room_a,
          chequers_serial_rivers_small_b, chequers_serial_rivers_room_b,
          gammafunk_ghost_nasty_kobolds
D:9:      layout_small_grid, david_lair_generic, serial_shops, shop
D:10:     layout_grid_maze, orc_0_dummy, hangedman_decor_lopped
D:11:     layout_roguey, fedhas_altar_3
D:12:     layout_loops_ring
D:13:     minmay_statue_hallways, layout_small_grid,
          lightli_vaults_fourway_checkpoint, enter_trove_0
Temple:   cyrus_temple_forest
Lair:1:   layout_layer_cave, chequers_serial_rivers_room_b,
          nicolae_quartered_pool_medium, infiniplex_staircase_pool,
          grunt_megastairs_5
Lair:2:   beast_lair_carwin_large_4, layout_regular_city
Lair:3:   layout_regular_city, minmay_swamp_entry_worms,
          nicolae_spider_entry_non_spiders, bobbens_dragon_lair_wall,
          serial_bayou_shore_a, uniq_urug

Skill      XL: |  1  2  3  4  5  6  7  8  9 10 11 12 13 |
---------------+----------------------------------------+-----
Earth Magic    | 4 5 6 7 8 9 10 11 12 14 | 14.3
Spellcasting   | 3 4 5 7 8 10 11 12 | 12.5
Conjurations   | 3 5 7 10 | 10.0
Summonings     | 2 4 6 8 |  8.0
Fighting       | 2 5 |  5.8
Evocations     | 2 5 |  5.5
Dodging        | |  1.5
Stealth        | |  2.1
Transmutations | |  0.7

Action                   |  1- 3 |  4- 6 |  7- 9 | 10-12 | 13-15 || total
-------------------------+-------+-------+-------+-------+-------++-------
Melee: Mace              |   103 |    13 |    22 |       |       ||   138
       Unarmed           |     6 |       |       |       |       ||     6
       Dagger            |       |       |    57 |     3 |       ||    60
       Short sword       |       |       |       |     7 |    12 ||    19
 Cast: Sandblast         |    15 |    23 |   137 |   212 |    42 ||   429
       Stone Arrow       |       |     2 |    26 |   197 |   135 ||   360
       Passwall          |       |       |       |     3 |       ||     3
Evoke: Wand              |       |       |       |     1 |       ||     1
  Use: Scroll            |       |     1 |     2 |     5 |     1 ||     9
       Potion            |       |       |       |       |     3 ||     3
Armor: Robe              |    47 |    11 |    63 |    75 |    51 ||   247
Dodge: Dodged            |    95 |    18 |    81 |   150 |    70 ||   414

Table legend: (Time is in decaauts)
 A = Elapsed time spent in this place.
 B = Non-inter-level travel time spent in this place.
 C = Inter-level travel time spent in this place.
 D = Time resting spent in this place.
 E = Time spent auto-exploring this place.
 F = Levels seen in this place.
 G = Mean time per level.
                   A        B        C        D        E       F      G
               +--------+--------+--------+--------+--------+-----+--------+
         Total |  17136 |  16195 |    941 |    426 |  13331 |  18 |  952.0 |
       Dungeon |  12641 |  11763 |    878 |    245 |   9795 |  13 |  972.4 |
        Temple |     60 |     32 |     28 |      0 |     23 |   1 |   60.0 |
          Lair |   3841 |   3806 |     35 |    181 |   3104 |   3 | 1280.3 |
        Bailey |    592 |    592 |      0 |      0 |    409 |   1 |  592.0 |
               +--------+--------+--------+--------+--------+-----+--------+

Top non-repeatable levels by time:
  Lair:1: 1936 daAuts
     D:4: 1580 daAuts
     D:1: 1561 daAuts
  Lair:2: 1385 daAuts
     D:9: 1277 daAuts
     D:2: 1157 daAuts
    D:11: 1112 daAuts
     D:3: 1057 daAuts
    D:10: 1020 daAuts
    D:12: 895 daAuts
     D:5: 756 daAuts
     D:7: 715 daAuts
     D:8: 688 daAuts
     D:6: 663 daAuts
  Bailey: 592 daAuts
